[Event "Team 45 45 League T59"]
[Site "Internet Chess Club"]
[Date "2014.01.03"]
[Round "6"]
[White "Goldenberg"]
[Black "Bluecat"]
[Result "1-0"]
[WhiteElo "1927"]
[BlackElo "1895"]
[Opening "Caro-Kann: Panov-Botvinnik attack, 5...e6"]
[ECO "B14"]
[Time "14:03:54"]
[TimeControl "2700+45"]

1. e4 c6 2. d4 d5 3. exd5 cxd5 4. c4 Nf6 5. Nc3 e6 6. Nf3 Be7 7. cxd5 exd5 8.
Bb5+ Bd7 9. Bxd7+ Nbxd7 10. O-O Nb6 11. Re1 O-O 12. Ne5 Re8 13. Bf4 Rc8 14. Rc1
Bd6 15. Qf3 Re6 16. a3 a6 17. Bg5 Qe8 18. Bxf6 Rxf6 19. Qg4 Re6 20. f4 f6 21.
Nd3 Rxe1+ 22. Rxe1 Qf7 23. Re6 f5 24. Qe2 Qd7 25. Nc5 Rxc5 26. dxc5 Bxc5+ 27.
Kh1 Kf7 28. Re5 Bd6 29. Qh5+ Kg8 30. Re8+ Bf8 31. Rb8 g6 32. Qh4 d4 33. Qf6 Nc8
34. Nd5 d3 35. Qc3 Qxd5 36. Qxc8 Qd6 37. Qd8 Qc5 38. Rc8 {Black resigns} 1-0

[Event "Team 45 45 League T59"]
[Site "Internet Chess Club"]
[Date "2014.01.04"]
[Round "6"]
[White "Agarnez"]
[Black "zigzag2002"]
[Result "0-1"]
[WhiteElo "1868"]
[BlackElo "2011"]
[Opening "QGD Slav defense"]
[ECO "D10"]
[Time "15:01:22"]
[TimeControl "2700+45"]

1. d4 d5 2. c4 c6 3. Qc2 Nf6 4. e3 g6 5. Bd3 Bg7 6. Nc3 O-O 7. Nf3 dxc4 8. Bxc4
b5 9. Bd3 Bb7 10. O-O Nbd7 11. h3 Rc8 12. e4 c5 13. Bxb5 cxd4 14. Nxd4 Nxe4 15.
Rd1 Qb6 16. Bxd7 Bxd4 17. Rxd4 Qxd4 18. Bxc8 Rxc8 19. Be3 Qe5 20. Rd1 h5 21. Rd7
Bc6 22. Rxa7 Bd5 23. Ra5 Nxc3 24. bxc3 e6 25. Qd2 Qxc3 26. Qxc3 Rxc3 27. h4 Rc4
28. Bg5 Rg4 29. g3 Rd4 30. f3 Rd3 31. a4 Rxf3 32. Bf4 Kg7 33. Be5+ f6 34. Ra7+
Kg8 35. Bd6 e5 36. a5 Rxg3+ 37. Kf2 Rg4 38. Rd7 Rg2+ 39. Ke3 Bc4 40. Rc7 Bb5 41.
Rb7 Re2+ 42. Kf3 Bc6+ 43. Kxe2 Bxb7 44. Kd3 Kf7 45. Kc4 Ke6 46. Kc5 g5 47. hxg5
fxg5 48. Bc7 h4 {White resigns} 0-1

[Event "Team 45 45 League T59"]
[Site "Internet Chess Club"]
[Date "2014.01.03"]
[Round "6"]
[White "juniorVishy"]
[Black "WillC"]
[Result "1-0"]
[WhiteElo "1788"]
[BlackElo "1644"]
[Opening "Queen's gambit accepted"]
[ECO "D26"]
[Time "18:01:04"]
[TimeControl "2700+45"]

1. d4 d5 2. c4 dxc4 3. e3 Nf6 4. Bxc4 e6 5. Nf3 Be7 6. O-O O-O 7. Nc3 a6 8. a3
b5 9. Ba2 Bb7 10. b4 Nbd7 11. Qe2 Ne4 12. Bb2 Bd6 13. Nxe4 Bxe4 14. Nd2 Bd5 15.
e4 Bxa2 16. Rxa2 e5 17. d5 f5 18. Raa1 Qh4 19. f3 f4 20. Qf2 Qg5 21. Nb3 Rf6 22.
Nc5 Nf8 23. a4 bxa4 24. Rxa4 Be7 25. Rfa1 Bxc5 26. bxc5 Ng6 27. R1a2 h5 28. Bc3
Nh4 29. Be1 Ng6 30. c6 Kh7 31. Rxa6 Rxa6 32. Rxa6 h4 33. h3 Rf7 34. Ba5 Qd8 35.
Qc5 Qb8 36. Qb4 Qd8 37. Ra7 Qg5 38. Rxc7 Nh8 39. Rxf7 Nxf7 40. c7 {Black
resigns} 1-0

[Event "Team 45 45 League T59"]
[Site "Internet Chess Club"]
[Date "2014.01.12"]
[Round "6"]
[White "oldsj"]
[Black "ausya"]
[Result "1-0"]
[WhiteElo "1618"]
[BlackElo "1760"]
[Opening "Sicilian: accelerated fianchetto, modern variation with Bc4"]
[ECO "B35"]
[Time "10:00:23"]
[TimeControl "2700+45"]

1. e4 c5 2. Nf3 g6 3. d4 cxd4 4. Nxd4 Nc6 5. Nc3 Bg7 6. Be3 Nf6 7. Bc4 O-O 8.
Qd2 Ne5 9. Bb3 Neg4 10. Bg5 h6 11. Bh4 a5 12. f3 Ne5 13. Bxf6 exf6 14. O-O-O Re8
15. Ndb5 Bf8 16. Nd5 a4 17. Nbc7 axb3 18. cxb3 Rxa2 19. Kb1 Ra7 20. Nxe8 Bg7 21.
Nd6 b6 22. Ne7+ Kf8 23. Nexc8 Ra8 24. Rc1 Nc6 25. Rhd1 Na5 26. Qb4 {Black
resigns} 1-0

[Event "Team 45 45 League T59"]
[Site "Internet Chess Club"]
[Date "2014.01.02"]
[Round "6"]
[White "hood"]
[Black "jt2000"]
[Result "1-0"]
[WhiteElo "1866"]
[BlackElo "1985"]
[Opening "Sicilian: Najdorf, Opocensky variation"]
[ECO "B92"]
[Time "13:09:25"]
[TimeControl "2700+45"]

1. e4 c5 2. Nf3 d6 3. d4 cxd4 4. Nxd4 Nf6 5. Nc3 a6 6. Be2 Qc7 7. Be3 b5 8. a3
Bb7 9. f3 e6 10. Qd2 Nbd7 11. O-O Be7 12. Rfd1 O-O 13. a4 b4 14. Na2 d5 15. Nxb4
dxe4 16. f4 Nd5 17. Nxd5 exd5 18. Kh1 f5 19. Ne6 Qc6 20. Nxf8 Nxf8 21. b4 Rc8
22. Rdc1 Ne6 23. b5 axb5 24. axb5 Qc7 25. c4 d4 26. Bg1 e3 27. Qd1 Nxf4 28. Bf3
e2 29. Qxd4 Bxf3 30. gxf3 Bf6 31. Qa7 Bxa1 32. Qxc7 Rxc7 33. Rxa1 Nd3 34. c5
Nxc5 35. Bxc5 Rxc5 36. Re1 Rxb5 37. Rxe2 Kf7 38. Kg2 Kf6 39. Kg3 Rb1 40. Rg2 g5
41. h3 Rb3 42. Re2 h5 43. Kg2 f4 44. Kf2 Kf5 45. Kg2 Rb1 46. Kf2 Rb5 47. Kg2 Rb3
48. Rd2 Ke5 49. Kf2 Rb4 50. Kg2 Rd4 51. Rc2 Kd5 52. Kf2 Rd3 53. Ra2 Rc3 54. Ke2
Kd4 55. Ra4+ Rc4 56. Ra2 Rc5 57. Rd2+ Kc3 58. Rd3+ Kb2 59. Kd1 Rc1+ 60. Ke2 Rg1
61. Rd5 Rg3 62. Kf2 Kc3 63. Rf5 h4 64. Ra5 Kd4 65. Rb5 Rxh3 66. Rxg5 Rh2+ 67.
Kg1 Re2 68. Kf1 Ke3 69. Re5+ Kxf3 70. Rxe2 h3 71. Rf2+ Kg3 72. Kg1 f3 73. Rh2
Kh4 74. Kf2 Kg4 75. Rh1 {Black resigns} 1-0

[Event "Team 45 45 League T59"]
[Site "Internet Chess Club"]
[Date "2014.01.02"]
[Round "6"]
[White "Warpdrive"]
[Black "DouDou"]
[Result "0-1"]
[WhiteElo "1682"]
[BlackElo "1905"]
[Opening "Ruy Lopez: 5.O-O"]
[ECO "C78"]
[Time "21:03:39"]
[TimeControl "2700+45"]

1. e4 e5 2. Nf3 Nc6 3. Bb5 a6 4. Ba4 Nf6 5. O-O b5 6. Bb3 Bc5 7. c3 d6 8. d4 Bb6
9. h3 O-O 10. Re1 Re8 11. Bc2 Bd7 12. d5 Ne7 13. Nbd2 Ng6 14. Nf1 c6 15. Ng3
cxd5 16. exd5 Rc8 17. Be3 Bxe3 18. Rxe3 Nf4 19. Ne2 N4xd5 20. Rd3 e4 21. Rxd5
Nxd5 22. Nfd4 e3 23. f3 b4 24. Qd3 Qh4 25. Rf1 bxc3 26. bxc3 Re5 27. Qd1 Rg5
{White resigns} 0-1

[Event "Team 45 45 League T59"]
[Site "Internet Chess Club"]
[Date "2014.01.03"]
[Round "6"]
[White "joebobpop"]
[Black "tryanything"]
[Result "1/2-1/2"]
[WhiteElo "1750"]
[BlackElo "1618"]
[Opening "Ruy Lopez: open (Tarrasch) defense"]
[ECO "C80"]
[Time "18:34:16"]
[TimeControl "2700+45"]

1. e4 e5 2. Nf3 Nc6 3. Bb5 a6 4. Ba4 Nf6 5. O-O Nxe4 6. Re1 Nc5 7. Nxe5 Be7 8.
Bb3 Nxb3 9. axb3 O-O 10. d4 Bf6 11. Nxc6 dxc6 12. Be3 Be6 13. Nc3 Re8 14. Ne4 b6
15. Nxf6+ Qxf6 16. Rb1 Rad8 17. Qh5 Rd5 18. Qe2 a5 19. c4 Rdd8 20. Qh5 Qg6 21.
Qxg6 hxg6 22. Rbd1 b5 23. Rc1 a4 24. cxb5 cxb5 25. bxa4 bxa4 26. Rxc7 Bb3 27.
Rcc1 Rc8 28. h3 f6 29. Rxc8 Rxc8 30. Rc1 Rxc1+ 31. Bxc1 Kf7 32. f3 g5 33. Kf2
Ke6 34. Ke3 Bd5 35. g4 Bb3 36. Bd2 Bd5 37. Bc3 g6 38. Bb4 Bb3 39. f4 gxf4+ 40.
Kxf4 g5+ 41. Kg3 Bd5 42. Ba5 Bb3 43. h4 gxh4+ 44. Kxh4 Bd5 45. g5 fxg5+ 46. Kxg5
Bb3 47. Kf4 Kd5 48. Bc3 Bc4 49. Ke3 Bb3 50. Kd3 Bc4+ 51. Kc2 Bb3+ 52. Kd3 Bc4+
{Game drawn by mutual agreement} 1/2-1/2

[Event "Team 45 45 League T59"]
[Site "Internet Chess Club"]
[Date "2014.01.04"]
[Round "6"]
[White "sonoftill"]
[Black "universe"]
[Result "1/2-1/2"]
[WhiteElo "2118"]
[BlackElo "2283"]
[Opening "Bishop's opening: Berlin defense"]
[ECO "C24"]
[Time "15:03:15"]
[TimeControl "2700+45"]

1. e4 e5 2. Bc4 Nf6 3. d3 d6 4. Nc3 Nc6 5. f4 Be7 6. Nf3 O-O 7. O-O Na5 8. Bb3
Nxb3 9. axb3 exf4 10. Bxf4 Re8 11. h3 Bd7 12. Qd2 Bc6 13. Nd4 d5 14. Nxc6 bxc6
15. e5 Nd7 16. d4 Nf8 17. Ne2 c5 18. c3 Ne6 19. Be3 cxd4 20. Nxd4 c5 21. Nc6 Qd7
22. Nxe7+ Rxe7 23. Bf2 d4 24. cxd4 Nxd4 25. Rad1 Qb5 26. Bxd4 cxd4 27. Qxd4 Rxe5
28. Qc4 Qb6+ 29. Kh1 Qb7 30. Rd3 h6 31. Rdf3 Re7 32. Rg3 Rae8 33. Qf4 Kh8 34.
Qg4 f6 35. Qf3 Qxf3 36. Rgxf3 Re2 37. R1f2 Rxf2 38. Rxf2 Re3 39. Rf5 Rxb3 40.
Ra5 Rb7 41. b4 Rxb4 42. Rxa7 Kh7 43. g4 h5 44. gxh5 Rb2 45. Ra5 Kh6 46. Kg1 Re2
47. Ra7 Re5 48. Kg2 Rg5+ 49. Kf3 Kxh5 50. Ra8 Rb5 51. Rh8+ Kg6 52. Rh4 Rb3+ 53.
Kg2 f5 54. Ra4 Kh5 55. Ra5 g6 56. Ra8 f4 57. Rh8+ Kg5 58. Kf2 Ra3 59. Kg2 Rg3+
60. Kf2 Kf5 61. Rf8+ Ke5 62. Re8+ Kd5 63. Rf8 g5 64. h4 Ke4 65. Re8+ Kf5 66.
Rf8+ Kg4 {Game drawn by mutual agreement} 1/2-1/2

[Event "Team 45 45 League T59"]
[Site "Internet Chess Club"]
[Date "2014.01.10"]
[Round "6"]
[White "SaltofLife"]
[Black "SlimeDog2"]
[Result "1/2-1/2"]
[WhiteElo "1915"]
[BlackElo "2010"]
[Opening "Petrov: classical attack, Marshall variation"]
[ECO "C42"]
[Time "03:02:34"]
[TimeControl "2700+45"]

1. e4 e5 2. Nf3 Nf6 3. Nxe5 d6 4. Nf3 Nxe4 5. d4 d5 6. Bd3 Bd6 7. O-O O-O 8. c4
c6 9. Nc3 Nxc3 10. bxc3 Bg4 11. Rb1 dxc4 12. Bxc4 b5 13. Be2 Qc7 14. h3 Bf5 15.
Bd3 Bxd3 16. Qxd3 Nd7 {Game drawn by mutual agreement} 1/2-1/2

[Event "Team 45 45 League T59"]
[Site "Internet Chess Club"]
[Date "2014.01.02"]
[Round "6"]
[White "JustinL"]
[Black "fledermaus"]
[Result "1-0"]
[WhiteElo "1981"]
[BlackElo "1920"]
[Opening "QGD semi-Slav"]
[ECO "D43"]
[Time "17:00:33"]
[TimeControl "2700+45"]

1. c4 e6 2. Nc3 d5 3. d4 Nf6 4. Nf3 c6 5. Bf4 dxc4 6. a4 Bb4 7. e3 Nd5 8. Qc2
Qa5 9. Rc1 b5 10. Bg3 Nd7 11. e4 Nxc3 12. bxc3 Ba3 13. Ra1 Be7 14. Be2 Nb6 15.
Bc7 Qa6 16. O-O Nxa4 17. Bxc4 Qb7 18. Bg3 Nb6 19. Bd3 Bd7 20. Rfb1 a6 21. c4 O-O
22. c5 Nc8 23. d5 exd5 24. exd5 Bf6 25. Bxh7+ Kh8 26. Be5 Bxe5 27. Nxe5 Ne7 28.
d6 Nd5 29. Bf5 Bxf5 30. Qxf5 g6 31. Qd3 Kg7 32. Qd4 f6 33. Nd3 Qd7 34. Re1 Rfe8
35. Rxe8 Qxe8 36. Re1 Qf7 37. Nb4 Re8 38. Ra1 Nxb4 39. Qxb4 Re5 40. Rxa6 Qd5 41.
h3 Qxc5 42. Qh4 Rd5 43. Ra8 Rd1+ 44. Kh2 Qxd6+ 45. g3 Kf7 46. Qh7+ Ke6 47. Qxg6
Rd4 48. Qg8+ Kf5 49. Re8 Qd7 50. Re3 b4 51. g4+ Kf4 52. Qg6 {Black forfeits on
time} 1-0

[Event "Team 45 45 League T59"]
[Site "Internet Chess Club"]
[Date "2014.01.06"]
[Round "6"]
[White "fishhead"]
[Black "CKNIGHT3"]
[Result "0-1"]
[WhiteElo "1839"]
[BlackElo "1904"]
[Opening "Sicilian: Najdorf, 7...Be7 main line"]
[ECO "B99"]
[Time "15:16:10"]
[TimeControl "2700+45"]

1. e4 c5 2. Nf3 d6 3. d4 cxd4 4. Nxd4 Nf6 5. Nc3 a6 6. Bg5 e6 7. f4 Be7 8. Qf3
Qc7 9. O-O-O Nbd7 10. Bd3 b5 11. Rhe1 Bb7 12. Qg3 Rg8 13. e5 dxe5 14. fxe5 Nh5
15. Qh4 Bxg5+ 16. Qxg5 g6 17. g4 Ng7 18. Bxb5 h6 19. Bxd7+ Qxd7 20. Qf6 Qe7 21.
Ne4 Bxe4 22. Rxe4 Rc8 23. Nb3 Kf8 24. Red4 Ne8 25. Rd8 Rxd8 26. Rxd8 Qb4 27. c3
Qxg4 28. Nd4 Qg5+ 29. Kc2 Qxf6 30. exf6 g5 31. Ra8 Rg6 32. Rxa6 Rxf6 33. Kd3 Rf2
34. b4 Rxh2 35. b5 g4 36. b6 Rb2 37. Ke3 g3 38. Ne2 g2 39. Ng1 Nd6 40. Kf3 Nc4
41. b7 Ne5+ 42. Kg3 Ke7 43. a4 Rxb7 44. Kxg2 Rb2+ 45. Kf1 Ra2 46. Ne2 h5 47. Ra5
Kf6 48. Nf4 h4 49. Nh5+ Kf5 50. Ng7+ Ke4 51. Ra7 h3 52. Nh5 Ke3 {White resigns}
0-1

[Event "Team 45 45 League T59"]
[Site "Internet Chess Club"]
[Date "2014.01.03"]
[Round "6"]
[White "f5"]
[Black "kyoroogi"]
[Result "0-1"]
[WhiteElo "2151"]
[BlackElo "2179"]
[Opening "French: MacCutcheon, Lasker variation"]
[ECO "C12"]
[Time "20:04:01"]
[TimeControl "2700+45"]

1. e4 e6 2. d4 d5 3. Nc3 Nf6 4. Bg5 Bb4 5. e5 h6 6. Bd2 Bxc3 7. bxc3 Ne4 8. Bd3
Nxd2 9. Qxd2 c5 10. f4 Qa5 11. Nf3 Nc6 12. dxc5 Qxc5 13. Nd4 Bd7 14. Rb1 Na5 15.
Rb4 a6 16. O-O Rc8 17. Rf2 Qxc3 18. Qxc3 Rxc3 19. Nb3 Nxb3 20. axb3 b5 21. Rf1
a5 22. Rd4 Ke7 23. Ra1 Ra8 24. Kf2 a4 25. Rb4 a3 26. Ke3 Ra5 27. Kd2 Rc8 28. h4
f6 29. g3 Rg8 30. Ke3 g5 31. hxg5 hxg5 32. Kd4 gxf4 33. gxf4 Rc8 34. Ra2 fxe5+
35. fxe5 Kd8 36. Ke3 Kc7 37. Rh4 Kb6 38. b4 Ra4 39. Kd2 Rg8 40. Kc3 Rg1 41. Rh7
Bc8 42. Rh8 Bb7 43. Rb8 Rb1 44. Bxb5 Raxb4 45. Bd7 Kc7 46. Rxb7+ Kxb7 47. Bxe6
d4+ 48. Kd3 Re1 49. Kd2 Rxe5 50. Bg8 Re3 51. Bh7 Rc3 52. Bd3 Rb2 53. Ra1 Kc6 54.
Kc1 Kc5 55. Rxa3 Rbxc2+ 56. Bxc2 Rxa3 57. Kd2 Kc4 58. Bh7 Ra2+ 59. Kc1 Kc3
{White resigns} 0-1

[Event "Team 45 45 League T59"]
[Site "Internet Chess Club"]
[Date "2014.01.01"]
[Round "6"]
[White "Otelo"]
[Black "koni"]
[Result "1-0"]
[WhiteElo "1841"]
[BlackElo "1887"]
[Opening "Pirc defense"]
[ECO "B07"]
[Time "11:00:22"]
[TimeControl "2700+45"]

1. e4 d6 2. d4 Nf6 3. Nc3 Nbd7 4. Bc4 e5 5. Nf3 Be7 6. O-O O-O 7. a4 c6 8. h3
Qa5 9. Be3 d5 10. exd5 e4 11. dxc6 Nb6 12. Ne5 Qb4 13. Bb3 Bd6 14. a5 {Black
resigns} 1-0

[Event "Team 45 45 League T59"]
[Site "Internet Chess Club"]
[Date "2014.01.04"]
[Round "6"]
[White "poni"]
[Black "alexping"]
[Result "1/2-1/2"]
[WhiteElo "1885"]
[BlackElo "1872"]
[Opening "French: King's Indian attack"]
[ECO "C00"]
[Time "10:01:32"]
[TimeControl "2700+45"]

1. e4 e6 2. d3 d5 3. Nd2 Nf6 4. g3 dxe4 5. dxe4 e5 6. Bg2 Bc5 7. Ngf3 Nc6 8. O-O
O-O 9. c3 a5 10. Qc2 Be6 11. Ng5 Qe7 12. Nxe6 Qxe6 13. Nf3 h6 14. Nh4 Ne7 15.
Nf5 Nxf5 16. exf5 Qb6 17. b3 Rad8 18. Bb2 c6 19. c4 Rfe8 20. Rae1 Bd4 21. Re2 c5
22. Rfe1 Qc7 23. h3 Kf8 24. Kh2 b6 25. Bc1 Ng8 26. Bf3 Rd6 27. Bf4 f6 28. Bc1
Ne7 29. Be4 Nc6 30. Bxc6 Qxc6 31. Bd2 {Game drawn by mutual agreement} 1/2-1/2

[Event "Team 45 45 League T59"]
[Site "Internet Chess Club"]
[Date "2014.01.03"]
[Round "6"]
[White "bobhill"]
[Black "nurmi"]
[Result "1-0"]
[WhiteElo "2011"]
[BlackElo "2002"]
[Opening "Old Benoni defense"]
[ECO "A43"]
[Time "23:10:21"]
[TimeControl "2700+45"]

1. d4 c5 2. d5 Nf6 3. Nf3 g6 4. c3 Bg7 5. Bg5 d6 6. e4 O-O 7. Nbd2 Bd7 8. Qc2 b5
9. Be2 Na6 10. O-O Nc7 11. h3 e5 12. c4 h6 13. Bh4 g5 14. Bg3 Nh5 15. Nh2 Nf4
16. Bg4 Rb8 17. Bxd7 Qxd7 18. Rfe1 bxc4 19. Nxc4 Nb5 20. Qa4 f5 21. Bxf4 gxf4
22. Na5 fxe4 23. Rxe4 Qf7 24. Nc6 Rb7 25. Na5 Rb6 26. Nc4 Rbb8 27. Rd1 Qg6 28.
f3 Nd4 29. Qa6 Nxf3+ 30. Nxf3 Qxe4 31. b3 Rf6 32. Qxa7 Rbf8 33. Qd7 Rg6 34. Nh4
Qe2 35. Nxg6 Qxd1+ 36. Kh2 Rf6 37. Qe8+ Kh7 38. Ne7 h5 39. Nb6 Rf8 40. Qg6+ Kh8
41. Qxd6 f3 42. Ng6+ Kg8 43. Qe6+ Rf7 44. Ne7+ Kh8 45. Qxf7 {Black resigns} 1-0

[Event "Team 45 45 League T59"]
[Site "Internet Chess Club"]
[Date "2014.01.03"]
[Round "6"]
[White "NFork"]
[Black "MisterDoob"]
[Result "0-1"]
[WhiteElo "2173"]
[BlackElo "2313"]
[Opening "French: Tarrasch, closed variation, main line"]
[ECO "C06"]
[Time "00:38:24"]
[TimeControl "2700+45"]

1. e4 e6 2. d4 d5 3. Nd2 Nf6 4. e5 Nfd7 5. Bd3 c5 6. c3 Nc6 7. Ne2 cxd4 8. cxd4
f6 9. exf6 Nxf6 10. Nf3 Bd6 11. O-O Qc7 12. Bg5 O-O 13. Nc3 a6 14. Bh4 Nh5 15.
Bg3 Nxg3 16. hxg3 g6 17. Rc1 Qg7 18. Bb1 Bd7 19. Re1 g5 20. Qd3 Rf7 21. Rcd1
Raf8 22. Rd2 Kh8 23. Qe3 Rxf3 24. gxf3 Bf4 25. Qd3 Bxd2 26. Qxd2 Nxd4 27. Re3
Nxf3+ 28. Rxf3 Rxf3 29. Kg2 Rf8 {White resigns} 0-1

[Event "Team 45 45 League T59"]
[Site "Internet Chess Club"]
[Date "2014.01.04"]
[Round "6"]
[White "Jack-ONeill"]
[Black "chess9793"]
[Result "0-1"]
[WhiteElo "2056"]
[BlackElo "2141"]
[Opening "Sicilian: Nimzovich-Rossolimo attack (with ...g6, without ...d6)"]
[ECO "B31"]
[Time "15:00:18"]
[TimeControl "2700+45"]

1. e4 c5 2. Nf3 Nc6 3. Bb5 g6 4. Bxc6 dxc6 5. d3 Bg7 6. h3 Qa5+ 7. Nbd2 e5 8.
O-O Ne7 9. Nb3 Qc7 10. Nxc5 O-O 11. Be3 f5 12. exf5 gxf5 13. Bg5 b6 14. Na4 h6
15. Bxe7 Qxe7 16. Nc3 Bb7 17. Qe2 c5 18. a4 a6 19. Rfe1 Rae8 20. Qe3 Qd6 21.
Rad1 Qc6 22. Qe2 Kh7 23. Kh1 Bf6 24. Rg1 Rg8 25. Qf1 Bd8 26. Nd2 Qg6 27. Nc4 Bc7
28. Ne3 Rd8 29. f3 Rd7 30. Qf2 Qh5 31. Rb1 Rd4 32. Ne2 Rh4 33. Kh2 e4+ 34. f4
exd3 35. cxd3 Rxg2+ {White resigns} 0-1

[Event "Team 45 45 League T59"]
[Site "Internet Chess Club"]
[Date "2014.01.03"]
[Round "6"]
[White "f5"]
[Black "Ptzz"]
[Result "1-0"]
[WhiteElo "2167"]
[BlackElo "2067"]
[Opening "QGD Slav: 4.Nc3"]
[ECO "D15"]
[Time "14:31:23"]
[TimeControl "2700+45"]

1. d4 d5 2. Nf3 Nf6 3. c4 c6 4. Nc3 a6 5. c5 Nbd7 6. Bf4 Nh5 7. Bd2 Nhf6 8. e3
g6 9. Be2 Bg7 10. O-O O-O 11. Rc1 Re8 12. Na4 Ne4 13. Nb6 Nxd2 14. Nxa8 Nxf1 15.
Bxf1 e5 16. dxe5 Nxe5 17. Nxe5 Bxe5 18. Qd2 Qh4 19. g3 Qf6 20. b3 Bf5 21. Nb6
Bb2 22. Rd1 Bc3 23. Qe2 h5 24. h3 Be5 25. Bg2 Qe6 26. Qf1 Bc7 27. Na4 Qe5 28. h4
g5 29. Rd4 gxh4 30. Rxh4 Bg4 31. Qc1 d4 32. exd4 Qe1+ 33. Qxe1 Rxe1+ 34. Kh2 Bd8
35. d5 Bxh4 36. gxh4 cxd5 37. Bxd5 Bc8 38. Nb6 Re8 39. b4 a5 40. a3 Kf8 41. Nxc8
Rxc8 42. Bxb7 Rc7 43. c6 axb4 44. axb4 Ke7 45. b5 Kd6 46. b6 Rxc6 47. Bxc6 Kxc6
48. Kg3 Kxb6 49. Kf4 Kc6 50. Kg5 Kd5 51. Kxh5 Ke4 52. Kg5 f5 53. f4 {Black
resigns} 1-0

[Event "Team 45 45 League T59"]
[Site "Internet Chess Club"]
[Date "2014.01.04"]
[Round "6"]
[White "perikitosax"]
[Black "zigzag2002"]
[Result "1-0"]
[WhiteElo "1895"]
[BlackElo "2000"]
[Opening "QGD semi-Slav: Botvinnik system (anti-Meran)"]
[ECO "D44"]
[Time "12:07:55"]
[TimeControl "2700+45"]

1. d4 d5 2. Nf3 Nf6 3. c4 c6 4. Nc3 e6 5. Bg5 dxc4 6. e4 b5 7. e5 h6 8. Bh4 g5
9. Bg3 Nd5 10. Nd2 Bb4 11. Nde4 Nd7 12. Be2 Bb7 13. O-O a6 14. Bh5 O-O 15. h4 f5
16. exf6 N7xf6 17. hxg5 Nxe4 18. Nxe4 hxg5 19. Qg4 Rf5 20. Bg6 Nf6 21. Nxf6+
Qxf6 22. Qh5 Qe7 23. Bxf5 exf5 24. Qg6+ Qg7 25. Qxf5 Rf8 26. Qe6+ Rf7 27. Be5
Qh7 28. f4 Qf5 29. Qe8+ Rf8 30. Qh5 Qh7 31. Qxg5+ Kf7 32. Qf6+ Ke8 33. Qe6+ Kd8
34. Rf3 Rg8 35. Rh3 Qg6 36. Qxg6 Rxg6 37. Rh8+ Kd7 38. Rh7+ Be7 39. f5 Rg8 40.
f6 Re8 41. Rxe7+ Rxe7 42. fxe7 {Black forfeits on time} 1-0

[Event "Team 45 45 League T59"]
[Site "Internet Chess Club"]
[Date "2014.01.03"]
[Round "6"]
[White "Emancipator"]
[Black "Pomberito"]
[Result "0-1"]
[WhiteElo "2165"]
[BlackElo "2168"]
[Opening "Ruy Lopez: closed"]
[ECO "C90"]
[Time "16:02:37"]
[TimeControl "2700+45"]

1. e4 e5 2. Nf3 Nc6 3. Bb5 a6 4. Ba4 Nf6 5. O-O Be7 6. Re1 b5 7. Bb3 d6 8. a4 b4
9. d3 O-O 10. a5 Nb8 11. Nbd2 Nbd7 12. Nf1 Nc5 13. Bc4 c6 14. Ng3 Qc7 15. d4 Ne6
16. dxe5 dxe5 17. Nf5 Bc5 18. c3 bxc3 19. bxc3 Ng4 20. N3d4 Nxf2 21. Kxf2 exd4
22. Qg4 dxc3+ 23. Kf1 Qxh2 24. Bxe6 Qg1+ 25. Ke2 Qf2+ 26. Kd3 Rd8+ 27. Kxc3 Bd4+
{White resigns} 0-1

[Event "Team 45 45 League T59"]
[Site "Internet Chess Club"]
[Date "2014.01.11"]
[Round "6"]
[White "SlimeDog2"]
[Black "primerpaso"]
[Result "0-1"]
[WhiteElo "1990"]
[BlackElo "1930"]
[Opening "Neo-Grünfeld, 6.cd Nxd5, 7.O-O"]
[ECO "D74"]
[Time "22:22:12"]
[TimeControl "2700+45"]

1. Nf3 d5 2. d4 g6 3. c4 Nf6 4. cxd5 Nxd5 5. g3 Bg7 6. Bg2 O-O 7. O-O Na6 8. e4
Nb6 9. Nc3 c6 10. h3 h6 11. h4 Bg4 12. Qc2 Rc8 13. Ne2 e6 14. Be3 Qe7 15. Ne5 c5
16. Nxg4 cxd4 17. Qb3 dxe3 18. Qxe3 h5 19. Nh2 Nc4 20. Qxa7 Ra8 {White resigns}
0-1

[Event "Team 45 45 League T59"]
[Site "Internet Chess Club"]
[Date "2013.12.31"]
[Round "6"]
[White "Barrett-CCSCSL"]
[Black "gump12345"]
[Result "1-0"]
[WhiteElo "2121"]
[BlackElo "2082"]
[Opening "King's Indian defense, 3.Nc3"]
[ECO "E61"]
[Time "22:09:01"]
[TimeControl "2700+45"]

1. d4 Nf6 2. c4 g6 3. Nc3 Bg7 4. Nf3 d6 5. h3 O-O 6. Bg5 Nbd7 7. e3 e5 8. Be2
Re8 9. O-O h6 10. Bh4 g5 11. Bg3 e4 12. Nd2 Nf8 13. Qc2 Bf5 14. Rae1 Qd7 15. Qb1
Ng6 16. Bd1 h5 17. Bc2 h4 18. Bh2 Bxh3 19. Ncxe4 Qg4 20. Nxf6+ Bxf6 21. Be4 Bxg2
22. Bf5 Qh5 23. Kxg2 h3+ 24. Kh1 Nh4 25. f3 Ng2 26. Ne4 Bg7 27. Ng3 Qh4 28. Bg4
Nxe1 29. Nf5 Qh7 30. Rxe1 a6 31. Qd3 c5 32. Qf1 cxd4 33. exd4 Bf6 34. Bxd6 Rxe1
35. Qxe1 Qg6 36. Qe4 Rd8 37. c5 Kh8 38. d5 Bxb2 39. Ne7 Qf6 40. f4 gxf4 41. Bxf4
Qh4 42. Be5+ Bxe5 43. Qxe5+ f6 44. Ng6+ Kg7 45. Nxh4 fxe5 46. c6 {Black resigns}
1-0

[Event "Team 45 45 League T59"]
[Site "Internet Chess Club"]
[Date "2014.01.06"]
[Round "6"]
[White "jorobo"]
[Black "Happybear"]
[Result "1-0"]
[WhiteElo "2051"]
[BlackElo "1905"]
[Opening "English: three knights system"]
[ECO "A27"]
[Time "23:01:34"]
[TimeControl "2700+45"]

1. c4 e5 2. Nc3 Nc6 3. Nf3 f5 4. d4 e4 5. Ng5 Be7 6. h4 Nf6 7. Nh3 d5 8. Bg5
dxc4 9. e3 Nd5 10. Bxc4 Be6 11. Bxd5 Bxd5 12. Nxd5 Qxd5 13. Nf4 Qa5+ 14. Kf1 Bd6
15. Qb3 Bxf4 16. Qe6+ Kf8 17. Bxf4 Qb5+ 18. Kg1 Ne7 19. Bh6 Ng8 20. Bxg7+ Kxg7
21. Rc1 c6 22. Rc5 Qb6 23. Rh3 {Black resigns} 1-0

[Event "Team 45 45 League T59"]
[Site "Internet Chess Club"]
[Date "2014.01.06"]
[Round "6"]
[White "charles-allen"]
[Black "ben622"]
[Result "1/2-1/2"]
[WhiteElo "1901"]
[BlackElo "2025"]
[Opening "Alekhine's defense: Scandinavian variation"]
[ECO "B02"]
[Time "19:30:26"]
[TimeControl "2700+45"]

1. e4 Nf6 2. Nc3 d5 3. e5 Ne4 4. Nce2 f6 5. d3 Ng5 6. Bxg5 fxg5 7. Ng3 g6 8. d4
Bg7 9. Nf3 g4 10. Nd2 O-O 11. Be2 Rf4 12. Nb3 b6 13. Qd2 Qf8 14. O-O a5 15. f3
a4 16. Nc1 gxf3 17. Bxf3 e6 18. Nce2 Rf7 19. Nc3 Bh6 20. Qe1 c6 21. Rd1 b5 22.
Bg4 Rxf1+ 23. Qxf1 Be3+ 24. Kh1 Qxf1+ 25. Nxf1 Bf2 26. Rd2 Be1 27. Re2 Bh4 28.
Nd1 a3 29. b3 Na6 30. c3 Bd7 31. g3 Be7 32. b4 Rf8 33. Rf2 Rxf2 34. Nxf2 Bxb4
35. cxb4 Nxb4 36. Nd2 Nxa2 37. Nd3 Nc3 38. Nb3 h5 39. Bf3 Be8 40. Kg2 g5 41.
Ndc5 g4 42. Nxe6 gxf3+ 43. Kxf3 Ne4 44. Nf4 a2 45. Ke3 Kg7 46. Nd3 Kg6 47. Nb4
Kg5 48. Nxa2 Kg4 49. Nd2 Nxd2 50. Kxd2 Kf3 51. Nb4 Ke4 52. Kc3 {Game drawn by
mutual agreement} 1/2-1/2

[Event "Team 45 45 League T59"]
[Site "Internet Chess Club"]
[Date "2014.01.05"]
[Round "6"]
[White "PJ"]
[Black "AVEMARIA"]
[Result "1-0"]
[WhiteElo "1650"]
[BlackElo "1634"]
[Opening "Caro-Kann: advance variation"]
[ECO "B12"]
[Time "14:01:05"]
[TimeControl "2700+45"]

1. e4 c6 2. d4 d5 3. e5 Bf5 4. g4 Bg6 5. h4 h6 6. h5 Bh7 7. Bd3 Bxd3 8. Qxd3 e6
9. f4 Be7 10. Nf3 Nd7 11. Kf2 c5 12. c3 cxd4 13. cxd4 Qc7 14. Bd2 Qc4 15. Qc3
Nb6 16. b3 Qxc3 17. Nxc3 a6 18. Ne1 Bb4 19. Nd3 Bxc3 20. Bxc3 Ne7 21. Bb4 Nc6
22. Bc5 Nd7 23. Ke3 Nxc5 24. Nxc5 Rb8 25. Rhc1 Ke7 26. Nxb7 Nxe5 27. Rc7+ Nd7
28. Nc5 Rhd8 29. Nxa6 Rbc8 30. Rac1 Rxc7 31. Rxc7 Kd6 32. Rc2 f6 33. Nc7 Ke7 34.
Kd3 Kf7 35. a4 Rc8 36. a5 e5 37. fxe5 fxe5 38. dxe5 Nxe5+ 39. Kd4 Nxg4 40. a6
Nf6 41. a7 {Black resigns} 1-0